 Dungeon Crawl Stone Soup version 0.23-a0-106-g63f3d0b (webtiles) character file.

206482 emperorscorpion the Severer (level 19, -4/177 HPs)
             Began as a Hill Orc Fighter on Aug 3, 2018.
             Was the Champion of Yredelemnul.
             Slain by a white very ugly thing (39 damage)
             ... on level 5 of the Depths on Aug 20, 2018.
             The game lasted 01:48:24 (33841 turns).

emperorscorpion the Severer (Hill Orc Fighter)     Turns: 33841, Time: 01:48:25

Health: -4/177     AC: 26    Str: 25    XL:     19   Next: 14%
Magic:  38/38      EV: 15    Int: 10    God:    Yredelemnul [******]
Gold:   2473       SH: 17    Dex: 16    Spells: 29/32 levels left

rFire    + . .     SeeInvis .   a - +3 broad axe
rCold    . . .     Gourm    .   Z - +2 shield {rN+}
rNeg     + . .     Faith    .   K - +6 scale mail of Terror {Int+2 Slay+2}
rPois    .         Spirit   .   y - +2 helmet
rElec    +         Reflect  .   H - +1 cloak of Uxkolio {rElec rF+ Str+2 Dex+4}
rCorr    .         Harm     .   E - +2 pair of gloves
MR       ++++.                  W - +0 pair of boots
Stlth    ++++......             e - amulet of regeneration
HPRegen  0.79/turn              d - +3 ring of slaying
MPRegen  0.26/turn              h - ring "Ytrefet" {MR++ MP+9 Str-2 Dex+2 Stlth+}

@: wreathed by umbra, drained
A: clumsy 1, magic resistance 1
a: Recall Undead Slaves, Injury Mirror, Animate Dead, Drain Life, Enslave Soul,
Renounce Religion


You were on level 5 of the Depths.
You worshipped Yredelemnul.
Yredelemnul was exalted by your worship.
You were hungry.

You visited 5 branches of the dungeon, and saw 29 of its levels.
You also visited: Volcano.

You collected 3648 gold pieces.
You spent 1175 gold pieces at shops.

Inventory:

Hand Weapons
 a - a +3 broad axe (weapon)
 b - a +0 trident
 v - a +0 blowgun
Missiles
 u - 5 javelins (quivered)
 F - 5 throwing nets
 R - 7 curare-tipped needles
Armour
 y - a +2 helmet (worn)
 E - a +2 pair of gloves (worn)
 H - the +1 cloak of Uxkolio (worn) {rElec rF+ Str+2 Dex+4}
   (You acquired it on level 5 of the Lair of Beasts)

   It affects your strength (+2).
   It affects your dexterity (+4).
   It protects you from fire.
   It insulates you from electricity.
 I - a scarf of cloud immunity
 K - the +6 scale mail of Terror (worn) {Int+2 Slay+2}
   (You found it on level 1 of the Lair of Beasts)

   It affects your intelligence (+2).
   It affects your accuracy and damage with ranged weapons and melee attacks
   (+2).
 W - a +0 pair of boots (worn)
 Z - a +2 shield of positive energy (worn)
Jewellery
 d - a +3 ring of slaying (left hand)
 e - an amulet of regeneration (around neck)
 h - the ring "Ytrefet" (right hand) {MR++ MP+9 Str-2 Dex+2 Stlth+}
   (You found it on level 11 of the Dungeon)

   [ring of stealth]

   It affects your strength (-2).
   It affects your dexterity (+2).
   It affects your resistance to hostile enchantments.
   It affects your magic capacity (+9).
   It makes you more stealthy.
 j - a +4 ring of intelligence
 k - an uncursed amulet of magic regeneration
 r - a +4 ring of evasion
 N - a cursed ring of teleportation {unknown}
 V - a +3 ring of protection
Wands
 s - a wand of random effects (21)
 B - a wand of iceblast (36)
 Y - a wand of scattershot (14)
Scrolls
 i - 18 scrolls of teleportation
 D - 10 scrolls of remove curse
 G - 9 scrolls of identify
 J - 2 scrolls of immolation
 M - 2 scrolls of blinking
 Q - a scroll of enchant armour
 T - 4 scrolls of magic mapping
 U - a scroll of fear
Potions
 g - a potion of heal wounds
 l - 8 potions of might
 m - 2 potions of ambrosia
 n - 5 potions of haste
 p - 5 potions of flight
 q - 9 potions of brilliance
 t - a potion of cancellation
 x - 4 potions of agility
 A - 8 potions of curing
 C - 6 potions of lignification
 L - 2 potions of berserk rage
 P - a potion of resistance
 X - a potion of magic
Miscellaneous
 c - a fan of gales
 o - a sack of spiders
 w - 2 phantom mirrors
 z - a box of beasts
 S - a lightning rod (4/4)
Comestibles
 f - 53 rations


   Skills:
 + Level 17.0(16.4) Fighting
 - Level 17.9(17.4) Axes
 - Level 2.3(10.2) Polearms
 + Level 3.3(2.9) Throwing
 + Level 12.8(12.3) Armour
 + Level 7.6(7.2) Dodging
 - Level 3.9(3.5) Stealth
 + Level 16.2(15.6) Shields
 + Level 7.0(6.6) Spellcasting
 + Level 7.7(7.3) Translocations
 + Level 14.0(13.5) Invocations
 - Level 3.3(2.9) Evocations


You had 29 spell levels left.
You knew the following spells:

 Your Spells              Type           Power        Failure   Level  Hunger
a - Lesser Beckoning      Tloc           ###.......   5%          3    ###....

Your spell library contained the following spells:

 Spells                   Type           Power        Failure   Level  Hunger
 Apportation              Tloc           ###...       1%          1    None
 Gell's Gravitas          Tloc           ###.......   5%          3    ###....
 Confusing Touch          Hex            #.....       36%         1    None
 Sandblast                Erth           #.....       36%         1    None
 Summon Butterflies       Summ           #.......     36%         1    None
 Summon Small Mammal      Summ           #...         36%         1    None
 Call Imp                 Summ           #.......     50%         2    ##.....
 Corpse Rot               Necr           N/A          50%         2    ##.....
 Passwall                 Tmut/Erth      #.......     50%         2    ##.....
 Sublimation of Blood     Necr           #.........   50%         2    ##.....
 Throw Frost              Conj/Ice       #.....       50%         2    ##.....
 Call Canine Familiar     Summ           #.......     75%         3    ###....
 Confuse                  Hex            #.......     75%         3    ###....
 Static Discharge         Conj/Air       #.......     75%         3    ###....
 Stone Arrow              Conj/Erth      #.....       75%         3    ###....
 Summon Guardian Golem    Hex/Summ       #.......     75%         3    ###....
 Tukima's Dance           Hex            #.......     75%         3    ###....
 Petrify                  Tmut/Erth      #.......     98%         4    ####...
 Summon Ice Beast         Ice/Summ       #.......     98%         4    ####...
 Summon Lightning Spire   Summ/Air       #.......     98%         4    ####...
 Agony                    Necr           #.......     100%        5    ######.
 Alistair's Intoxication  Tmut/Pois      #.......     100%        5    ######.
 Bolt of Draining         Conj/Necr      #.........   100%        5    ######.
 Dispel Undead            Necr           #.......     100%        5    ######.
 Excruciating Wounds      Chrm/Necr      #.........   100%        5    ######.
 Lee's Rapid Deconstruct  Erth           #.........   100%        5    ######.
 Lightning Bolt           Conj/Air       #.........   100%        5    ######.
 Metabolic Englaciation   Hex/Ice        #.........   100%        5    ######.
 Yara's Violent Unravell  Hex/Tmut       #.........   100%        5    ######.
 Invisibility             Hex            #.......     100%        6    #######
 Poison Arrow             Conj/Pois      #.........   100%        6    #######
 Chain Lightning          Conj/Air       #.........   100%        8    #######
 Ignition                 Fire           #.........   100%        8    #######
 Lehudib's Crystal Spear  Conj/Erth      #.........   100%        8    #######
 Dragon's Call            Summ           #.........   100%        9    #######
 Fire Storm               Conj/Fire      #.........   100%        9    #######
 Glaciate                 Conj/Ice       #.........   100%        9    #######
 Shatter                  Erth           #.........   100%        9    #######
 Tornado                  Air            #.........   100%        9    #######


Dungeon Overview and Level Annotations

Branches:
Dungeon (15/15)            Temple (0/1) D:6            Lair (6/6) D:11
  Swamp (0/4) Lair:4       Spider (0/4) Lair:4        Slime (0/5) Lair:5
    Orc (2/2) D:12            Elf (1/3) Orc:2        Vaults (0/5) D:14
 Depths (5/5) D:15
    Zot: Depths:5

Altars:
Cheibriados
Dithmenos
Gozag
Makhleb
Nemelex Xobeh
Okawaru
Ru
Trog
Uskayaw
Vehumet
Xom
Yredelemnul
Zin
Beogh
Jiyva

Shops:
D:7 *   D:11 [   D:12 [   D:13 *[}   Orc:2 %(?*

Portals:
Hell: Depths:1 Depths:2 Depths:3 Depths:4
Abyss: Depths:1 Depths:2 Depths:4
Pandemonium: Depths:3


Innate Abilities, Weirdness & Mutations

You are clumsy. (Dex -2)
You are resistant to hostile enchantments. (MR+)


Message History

You kill the fire giant!
Yredelemnul accepts your kill.
You strike the helpless white very ugly thing from behind!
You slash the white very ugly thing!
You block the white very ugly thing's attack.
Your bone dragon bites the white very ugly thing!
Your bone dragon claws the white very ugly thing.
Your bone dragon barely misses the white very ugly thing.
Unknown command.
You hit the fire giant.
The fire giant is moderately wounded.
You hit the white very ugly thing but do no damage.
The fire giant points at you and mumbles some strange words.
The bolt of fire hits you! You resist.
* * * LOW HITPOINT WARNING * * *
The white very ugly thing tentacle-slaps you!!
* * * LOW HITPOINT WARNING * * *
The white very ugly thing freezes you!!!
You die...
Your body rises from the dead as a mindless zombie.

##+#######
+.........
#..######.
#†n#≈≈≈≈#.
#DA#≈≈≈≈#<
#@D#≈≈≈≈#.
#uC######.
#.........
..........
...........
.....$.....
............
...........


You could see a white very ugly thing, a fire giant, 2 friendly bone dragons, a
friendly profane servitor and a friendly ghoul.

Vanquished Creatures
  A golden dragon (Depths:3)
  3 acid blobs (Lair:5)
  A sphinx (Depths:3)
  A shadow dragon (Depths:3)
  A tengu reaver (Depths:3)
  A fire giant (Depths:5)
  A frost giant (Depths:3)
  A ghoul (D:14)
  A spriggan defender (Depths:4)
  6 stone giants
  6 very ugly things
  3 entropy weavers (D:11)
  An entropy weaver (shapeshifter) (D:14)
  13 dire elephants (Depths:4)
  A spark wasp (Depths:4)
  A red draconian (Volcano)
  3 fire dragons
  3 ettins
  2 jiangshi (Depths:2)
  A great orb of eyes (Depths:4)
  2 ice dragons
  Harold (D:10)
  2 rakshasas
  4 hydras
  2 centaur warriors
  Erolcha (D:10)
  A monstrous demonspawn (Depths:3)
  2 ghost crabs (D:11)
  A catoblepas (Lair:6)
  Erica (D:12)
  7 two-headed ogres
  2 ogre magi
  9 death yaks
  A deep troll shaman (Depths:4)
  2 deep troll earth magi
  3 deep elf knights (Elf:1)
  7 fire crabs
  9 slime creatures
  5 skeletal warriors
  A salamander mystic (Volcano)
  3 unseen horrors
  3 deep trolls
  An orb spider (Lair:4)
  An orange crystal statue (Depths:1)
  A wolf spider zombie (D:14)
  2 orc knights
  A mana viper (shapeshifter) (Depths:3)
  4 manticores
  11 deep elf magi
  12 ugly things
  A cyclops (shapeshifter) (D:10)
  3 cyclopes
  4 salamanders (Volcano)
  5 centaur zombies
  A guardian serpent (shapeshifter) (Depths:3)
  15 elephants
  2 black mambas
  A gargoyle (D:14)
  7 spiny frogs
  2 rime drakes
  An efreet (D:14)
  2 kobold demonologists
  3 yaktaurs
  4 komodo dragons
  A spriggan zombie (D:15)
  An ice devil (Depths:3)
  A queen bee (shapeshifter) (D:14)
  4 tengu conjurers
  2 tyrant leeches (Lair:4)
  A troll (shapeshifter) (D:14)
  8 trolls
  3 hornets
  A hellwing (Depths:3)
  3 meliai (D:15)
  A polar bear (Lair:6)
  Grinder (D:6)
  18 blink frogs
  6 hippogriffs
  5 dream sheep
  2 vampires
  An air elemental (Elf:1)
  3 wraiths
  A basilisk (Lair:2)
  3 wyverns
  23 yaks
  A warg (Orc:1)
  2 vampire mosquitoes (D:13)
  2 acid dragons (D:15)
  Edmund (D:5)
  2 swamp worms (Lair:4)
  7 water moccasins
  37 orc warriors
  4 hell hounds (Depths:4)
  11 porcupines
  3 sky beasts
  4 black bears
  3 hornet zombies
  3 phantoms
  2 ice beasts
  2 necrophages
  12 wolves
  19 centaurs
  12 ogres
  5 big kobolds
  12 crocodiles
  11 bullfrogs
  Blork the orc (D:5)
  A gnoll sergeant (D:11)
  A wyvern zombie (D:14)
  3 scorpions
  8 killer bees
  11 wights
  A howler monkey (D:4)
  9 crimson imps
  A quasit (D:4)
  3 hounds
  4 jellies
  17 orc wizards
  15 orc priests
  Crazy Yiuf (D:7)
  3 bullfrog skeletons
  2 iguanas
  Ijyb (D:5)
  8 worker ants
  A mummy (D:14)
  A worker ant zombie (D:9)
  Robin (D:2)
  6 adders
  6 gnolls
  3 shadow imps
  3 oozes
  An adder skeleton (D:4)
  2 worms (D:3)
  2 dart slugs
  4 leopard geckos
  92 orcs
  5 giant cockroaches
  19 goblins
  6 hobgoblins
  7 jackals (D:2)
  4 quokkas
  A ball python (D:2)
  7 bats
  8 frilled lizards
  A jackal skeleton (D:8)
  A jackal zombie (D:7)
  27 kobolds
  6 rats
  8 fungi
  2 plants (Lair:6)
762 creatures vanquished.

Vanquished Creatures (collateral kills)
  3 tentacled monstrosities
  A hellephant (Depths:4)
  A tengu reaver (Depths:2)
  A fire giant (Depths:3)
  5 frost giants
  2 iron dragons (Depths:1)
  A spriggan defender (Depths:2)
  8 very ugly things
  9 stone giants
  An entropy weaver (D:11)
  A vampire knight (Depths:4)
  8 dire elephants (Depths:4)
  A spark wasp (Depths:4)
  A jiangshi (Depths:2)
  3 ettins
  4 crystal guardians (Depths:1)
  9 fire dragons
  3 great orbs of eyes
  2 yaktaur captains
  5 ice dragons
  The ghost of galech the Cleaver, a journeyman DsBe of Trog (Orc:2)
  2 catoblepae (Lair:6)
  3 hydras
  6 rakshasas
  3 spriggan air magi
  7 two-headed ogres
  An alligator (shapeshifter) (Depths:2)
  4 centaur warriors
  3 deep troll shamans
  2 vampire magi (Depths:2)
  2 death yaks (Lair:5)
  3 deep troll earth magi
  A hell hog (Depths:4)
  7 tengu warriors
  4 spriggan berserkers
  A soul eater (Depths:3)
  A deep elf knight (Elf:1)
  5 skeletal warriors
  2 flayed ghosts
  4 deep trolls
  2 glowing orange brains (Depths:4)
  A tengu zombie (D:15)
  A wizard (D:14)
  2 orc knights (Orc:2)
  A phantasmal warrior (D:15)
  A frost giant zombie (D:15)
  A sphinx zombie (D:15)
  12 ugly things
  A necromancer (D:15)
  2 wolf spider zombies (D:14)
  2 deep elf magi
  2 salamanders (Volcano)
  A shining eye (shapeshifter) (Depths:4)
  A wolf spider (shapeshifter) (Depths:2)
  Maurice (Orc:2)
  A cyclops (shapeshifter) (Depths:3)
  15 elephants
  4 centaur zombies
  A guardian serpent (shapeshifter) (Depths:3)
  An apocalypse crab (D:11)
  3 black mambas
  4 spiny frogs
  A kobold demonologist (D:14)
  A hellion (Depths:3)
  3 komodo dragons
  7 yaktaurs
  6 tengu conjurers
  A troll (Depths:2)
  8 blink frogs
  6 dream sheep
  3 hippogriffs
  A meliai zombie (D:14)
  11 slime creatures
  A shadow (D:14)
  A wyvern (Lair:4)
  A water elemental (Depths:3)
  8 yaks
  2 basilisks
  A vampire mosquito (D:13)
  3 hell hounds (Depths:4)
  An acid dragon (D:15)
  3 porcupines
  A water moccasin (Lair:2)
  5 orc warriors
  14 wolves
  6 ogres
  6 centaurs
  5 crocodiles
  4 bullfrogs
  A wyvern zombie (D:14)
  A wight (D:14)
  An electric eel (Lair:1)
  A jelly (D:13)
  2 orc wizards
  An orc priest (D:12)
  A mummy (D:14)
  16 orcs
  30 fungi
  21 plants
  2 withered plants (D:15)
378 creatures vanquished.

Vanquished Creatures (others)
  A spectral juggernaut (Depths:4)
  4 vampire knights
  A stone giant (Depths:2)
  A very ugly thing zombie (Depths:3)
  A spectral stone giant (Orc:2)
  A spectral spriggan (Depths:4)
  2 spark wasp zombies (Depths:4)
  4 flayed ghosts
  An entropy weaver zombie (D:11)
  5 phantasmal warriors
  5 ugly thing zombies
  A spiny frog (Lair:6)
  A minotaur skeleton (D:11)
  An ice dragon zombie (Depths:3)
  A wraith (D:13)
  17 flying skulls
  3 black mamba zombies (Lair:6)
  A spiny frog zombie (Lair:1)
  3 deep troll zombies
  3 dream sheep zombies
  5 elephant zombies (Lair:6)
  A blink frog zombie (Lair:2)
  A spectral kobold (D:14)
  A blink frog skeleton (Lair:2)
  2 elephant skeletons (Depths:4)
  A hippogriff zombie (Lair:2)
  3 fire crab zombies (D:11)
  A yaktaur zombie (Depths:3)
  An elf skeleton (D:7)
  A hell hound zombie (Depths:4)
  2 water moccasin zombies
  A scorpion (D:7)
  A tengu zombie (Depths:3)
  3 yak zombies
  2 wights
  2 troll zombies
  2 troll skeletons (D:11)
  2 bullfrog zombies
  4 centaur zombies
  2 black bear zombies
  3 centaur skeletons (D:11)
  2 porcupine zombies
  A big kobold zombie (D:13)
  2 crocodile zombies (Lair:6)
  A spectral orc (Orc:1)
  2 ogre zombies (Orc:2)
  A deep dwarf skeleton (D:11)
  2 mummies
  An adder zombie (D:11)
  An iguana zombie (D:12)
  A gnoll zombie (D:11)
  5 kobold zombies
  An orc skeleton (D:13)
  28 orc zombies
  A bush (Lair:6)
  85 fungi
  68 plants
300 creatures vanquished.

Grand Total: 1440 creatures vanquished

Notes
Turn   | Place    | Note
-------+----------+-------------------------------------------
     0 | D:1      | emperorscorpion the Hill Orc Fighter began the quest for the Orb.
     0 | D:1      | Reached XP level 1. HP: 19/19 MP: 1/1
   136 | D:1      | Reached XP level 2. HP: 25/27 MP: 2/2
   574 | D:1      | Reached XP level 3. HP: 33/33 MP: 3/3
  1539 | D:2      | Reached XP level 4. HP: 36/40 MP: 4/4
  2039 | D:2      | Noticed Robin
  2055 | D:2      | Killed Robin
  2806 | D:3      | Found a shimmering altar of Xom.
  2823 | D:3      | Reached skill level 5 in Axes
  2823 | D:3      | Reached XP level 5. HP: 46/46 MP: 5/5
  2841 | D:3      | Reached skill level 1 in Dodging
  2871 | D:3      | Reached XP level 6. HP: 25/53 MP: 6/6
  3491 | D:3      | Found a radiant altar of Vehumet.
  3540 | D:3      | Found a bloodstained altar of Trog.
  4217 | D:4      | Found an iron altar of Okawaru.
  4273 | D:4      | Noticed a phantom
  4295 | D:4      | Killed a phantom
  4295 | D:4      | Reached XP level 7. HP: 50/60 MP: 7/7
  4386 | D:4      | Reached skill level 5 in Fighting
  4708 | D:4      | Found a sacrificial altar of Ru.
  4708 | D:4      | Found a glowing silver altar of Zin.
  4855 | D:4      | Found a snail-covered altar of Cheibriados.
  4861 | D:4      | Found a faded altar of an unknown god.
  4863 | D:4      | Found a basalt altar of Yredelemnul.
  4874 | D:4      | Became a worshipper of Yredelemnul the Dark
  5207 | D:4      | Reached skill level 5 in Armour
  5475 | D:4      | Reached skill level 5 in Shields
  5475 | D:4      | Reached XP level 8. HP: 41/68 MP: 8/8
  5711 | D:4      | Found a sparkling altar of Nemelex Xobeh.
  5768 | D:5      | Entered Level 5 of the Dungeon
  5934 | D:5      | Noticed Edmund
  5943 | D:5      | Killed Edmund
  6064 | D:5      | Noticed Blork the orc
  6075 | D:5      | Killed Blork the orc
  6075 | D:5      | Reached skill level 1 in Throwing
  6423 | D:5      | Noticed Ijyb
  6432 | D:5      | Killed Ijyb
  6976 | D:6      | Found a staircase to the Ecumenical Temple.
  7034 | D:6      | Reached XP level 9. HP: 51/75 MP: 9/9
  7265 | D:6      | Reached skill level 1 in Stealth
  7351 | D:6      | Reached * piety under Yredelemnul
  7540 | D:6      | Noticed Grinder
  7554 | D:6      | Paralysed by Grinder for 5 turns
  7561 | D:6      | Killed Grinder
  7561 | D:6      | Reached skill level 10 in Axes
  7698 | D:7      | Found Gozag's Platinum Reserve.
  7708 | D:7      | Found an opulent altar of Gozag.
  7728 | D:7      | Found a runed door.
  7732 | D:7      | Noticed Crazy Yiuf
  7736 | D:7      | Killed Crazy Yiuf
  8231 | D:7      | Found a shadowy altar of Dithmenos.
  8845 | D:8      | Reached ** piety under Yredelemnul
  9415 | D:8      | Found a burning altar of Makhleb.
  9415 | D:8      | Noticed a balrug
  9561 | D:8      | Found a hide-covered altar of Uskayaw.
  9771 | D:9      | Reached XP level 10. HP: 84/84 MP: 10/10
  9790 | D:9      | Reached skill level 1 in Invocations
 10204 | D:9      | Noticed Erica
 10317 | D:9      | Reached *** piety under Yredelemnul
 11106 | D:10     | Entered Level 10 of the Dungeon
 11270 | D:10     | Paralysed by a hornet for 1 turns
 11332 | D:10     | Noticed Erolcha
 11339 | D:10     | Killed Erolcha
 11351 | D:10     | Noticed a cyclops
 11371 | D:10     | Killed a cyclops
 11395 | D:10     | Noticed a two-headed ogre
 11401 | D:10     | Reached skill level 1 in Evocations
 11401 | D:10     | Reached XP level 11. HP: 84/94 MP: 12/12
 11410 | D:10     | Killed a two-headed ogre
 11721 | D:10     | Noticed Harold
 11742 | D:10     | Killed Harold
 11987 | D:10     | Killed an unseen horror
 12963 | D:11     | Found a runed door.
 13014 | D:11     | Noticed a white ugly thing
 13020 | D:11     | Killed a white ugly thing
 13331 | D:11     | Reached **** piety under Yredelemnul
 13368 | D:11     | Found Jojariuq's Armour Shop.
 13385 | D:11     | Noticed a cyclops
 13401 | D:11     | Killed a cyclops
 13404 | D:11     | Received a gift from Yredelemnul (a mummy)
 13726 | D:11     | Found a staircase to the Lair.
 13940 | D:11     | Noticed a fire crab
 13949 | D:11     | Killed a fire crab
 13954 | D:11     | Noticed an entropy weaver
 13954 | D:11     | Noticed a fire crab
 13956 | D:11     | Noticed a fire crab
 13959 | D:11     | Killed a fire crab
 13962 | D:11     | Killed an entropy weaver
 13962 | D:11     | Reached skill level 15 in Axes
 13962 | D:11     | Reached XP level 12. HP: 86/104 MP: 12/14
 14036 | D:11     | Noticed an entropy weaver
 14052 | D:11     | Killed an entropy weaver
 14629 | D:11     | Noticed an entropy weaver
 14646 | D:11     | Killed an entropy weaver
 14970 | D:11     | Noticed a ghost crab
 14987 | D:11     | Killed a ghost crab
 15169 | D:11     | Noticed a ghost crab
 15182 | D:11     | Killed a ghost crab
 15231 | D:11     | Noticed an entropy weaver
 15235 | D:11     | Gained mutation: You are clumsy. (Dex -2) [potion of mutation]
 15235 | D:11     | Gained mutation: Your spells are a little harder to cast, but a little more powerful. [potion of mutation]
 15235 | D:11     | Lost mutation: Your spells are a little harder to cast, but a little more powerful. [potion of mutation]
 15235 | D:11     | Gained mutation: You are resistant to hostile enchantments. (MR+) [potion of mutation]
 15247 | D:11     | Killed an entropy weaver
 15247 | D:11     | Reached skill level 10 in Shields
 15247 | D:11     | Reached skill level 5 in Invocations
 15377 | D:11     | Got a steaming brass ring
 15381 | D:11     | Got a fine arbalest
 15386 | D:11     | Identified the ring "Ytrefet" {MR++ MP+9 Str-2 Dex+2 Stlth+} (You found it on level 11 of the Dungeon)
 15387 | D:11     | Identified the +4 arbalest "Ceerer" {flame, *Corrode rF+ MR- Dex+6} (You found it on level 11 of the Dungeon)
 15648 | D:12     | Received a gift from Yredelemnul (3 flying skulls)
 15670 | D:12     | Reached skill level 10 in Fighting
 15719 | D:12     | Killed Erica
 15719 | D:12     | Reached skill level 10 in Armour
 15934 | D:12     | Reached XP level 13. HP: 88/113 MP: 17/17
 16011 | D:12     | Found Enkod's Armour Boutique.
 16013 | D:12     | Found a staircase to the Orcish Mines.
 16077 | Lair:1   | Entered Level 1 of the Lair of Beasts
 16175 | Lair:1   | Got a slimy scale mail
 16186 | Lair:1   | Identified the +6 scale mail of Terror {Int+2 Slay+2} (You found it on level 1 of the Lair of Beasts)
 16227 | Lair:1   | Found a dark tunnel.
 16310 | Volcano  | Entered a volcano
 16416 | Volcano  | Found a bloodstained altar of Trog.
 16429 | Volcano  | Noticed a red draconian
 16462 | Volcano  | Killed a red draconian
 16822 | Lair:1   | Upgraded the game from 0.23-a0-29-g1be82e5 to 0.23-a0-100-g33897af
 17201 | Lair:1   | Reached skill level 1 in Polearms
 17233 | Lair:1   | Received a gift from Yredelemnul (a mummy)
 17895 | Lair:2   | Reached ***** piety under Yredelemnul
 18142 | Lair:2   | Learned a level 3 spell: Lesser Beckoning
 18776 | Lair:3   | Received a gift from Yredelemnul (a wight)
 18877 | Lair:3   | Reached skill level 1 in Spellcasting
 18877 | Lair:3   | Reached skill level 1 in Translocations
 19467 | Lair:4   | Received a gift from Yredelemnul (5 flying skulls)
 19499 | Lair:4   | Found a staircase to the Swamp.
 19516 | Lair:4   | Reached XP level 14. HP: 77/124 MP: 19/19
 20018 | Lair:4   | Received a gift from Yredelemnul (a vampire)
 20349 | Lair:4   | Found a hole to the Spider Nest.
 20651 | Lair:5   | Identified the +9 mace "Zasaowon" {venom, +Fly Str+4 Int+4} (You found it on level 5 of the Lair of Beasts)
 20920 | Lair:5   | Received a gift from Yredelemnul (a phantasmal warrior)
 21056 | Lair:5   | Got a faintly glowing long sword
 21075 | Lair:5   | Identified a scroll of acquirement
 21076 | Lair:5   | Got an ichor-stained cloak
 21093 | Lair:5   | Identified the +1 cloak of Uxkolio {rElec rF+ Str+2 Dex+4} (You acquired it on level 5 of the Lair of Beasts)
 21094 | Lair:5   | Identified the +4 long sword of Fixation {slice, Str+5} (You found it on level 5 of the Lair of Beasts)
 21175 | Lair:5   | Found a runed door.
 21176 | Lair:5   | Noticed an acid blob
 21176 | Lair:5   | Noticed an acid blob
 21178 | Lair:5   | Noticed an acid blob
 21180 | Lair:5   | Found a viscous altar of Jiyva.
 21180 | Lair:5   | Found a staircase to the Slime Pits.
 21202 | Lair:5   | Killed an acid blob
 21208 | Lair:5   | Killed an acid blob
 21211 | Lair:5   | Killed an acid blob
 21653 | Lair:6   | Entered Level 6 of the Lair of Beasts
 22151 | Lair:6   | Reached XP level 15. HP: 132/134 MP: 21/21
 22246 | Lair:6   | Received a gift from Yredelemnul (a wight)
 22323 | Lair:6   | Received a gift from Yredelemnul (5 flying skulls)
 22872 | Lair:6   | Reached ****** piety under Yredelemnul
 22884 | Lair:6   | Received a gift from Yredelemnul (a phantasmal warrior)
 23448 | Orc:1    | Entered Level 1 of the Orcish Mines
 23610 | Orc:1    | Reached skill level 5 in Translocations
 23849 | Orc:1    | Found a roughly hewn altar of Beogh.
 24064 | Orc:2    | Entered Level 2 of the Orcish Mines
 24068 | Orc:2    | Received a gift from Yredelemnul (a phantasmal warrior)
 24133 | Orc:2    | Found a runed gate.
 24133 | Orc:2    | Found a runed gate.
 24133 | Orc:2    | Found a runed gate.
 24134 | Orc:2    | Noticed galech's ghost (journeyman DsBe)
 24316 | Orc:2    | Found Laeg's Weapon Boutique.
 24316 | Orc:2    | Found Igienn's Magic Scroll Emporium.
 24318 | Orc:2    | Found Worailok's Assorted Antiques.
 24320 | Orc:2    | Found Betzit's Food Shop.
 24328 | Orc:2    | Bought a scroll of teleportation for 42 gold pieces
 24328 | Orc:2    | Bought a scroll of identify for 28 gold pieces
 24330 | Orc:2    | Bought a scroll of teleportation for 105 gold pieces
 24351 | Orc:2    | Received a gift from Yredelemnul (4 flying skulls)
 24725 | Orc:2    | Noticed Maurice
 24732 | Orc:2    | Received a gift from Yredelemnul (a flayed ghost)
 24820 | Orc:2    | Killed Maurice
 24876 | Orc:2    | Found a staircase to the Elven Halls.
 25112 | Orc:2    | Killed galech's ghost
 25192 | Elf:1    | Entered Level 1 of the Elven Halls
 25433 | Orc:2    | Upgraded the game from 0.23-a0-100-g33897af to 0.23-a0-106-g63f3d0b
 25699 | D:12     | Reached skill level 5 in Dodging
 26000 | D:13     | Reached skill level 5 in Spellcasting
 26059 | D:13     | Received a gift from Yredelemnul (a wraith)
 26137 | D:13     | Found Zihug's Antique Armour Shop.
 26148 | D:13     | Found a runed door.
 26252 | D:13     | Found Ryluisi's Assorted Antiques.
 26269 | D:13     | Bought a glowing broad axe for 196 gold pieces
 26273 | D:13     | Bought a scroll of teleportation for 84 gold pieces
 26294 | D:13     | Reached XP level 16. HP: 144/144 MP: 23/23
 26326 | D:13     | Found Gusukh's Gadget Shop.
 26342 | D:13     | Bought a phantom mirror for 360 gold pieces
 26342 | D:13     | Bought a phantom mirror for 360 gold pieces
 26366 | D:13     | Found a glowing silver altar of Zin.
 26553 | D:13     | Received a gift from Yredelemnul (a vampire knight)
 26579 | D:13     | Reached skill level 10 in Invocations
 26693 | D:13     | Got a translucent short sword {pierce}
 26845 | D:14     | Found a gate to the Vaults.
 27237 | D:14     | Received a gift from Yredelemnul (a vampire knight)
 27259 | D:14     | Received a gift from Yredelemnul (a ghoul)
 27481 | D:14     | Received a gift from Yredelemnul (a bone dragon)
 27836 | D:15     | Entered Level 15 of the Dungeon
 28088 | D:15     | Received a gift from Yredelemnul (a profane servitor)
 28103 | D:15     | Found a staircase to the Depths.
 28579 | Depths:1 | Entered Level 1 of the Depths
 28734 | Depths:1 | Found a gateway to Hell.
 28815 | Depths:1 | Found a runed door.
 29041 | Depths:1 | Found a one-way gate to the infinite horrors of the Abyss.
 29068 | Depths:1 | Noticed a juggernaut
 29076 | Depths:1 | Killed a juggernaut
 29076 | Depths:1 | Enslaved a juggernaut
 29163 | Depths:1 | Received a gift from Yredelemnul (a bone dragon)
 29172 | Depths:1 | Reached XP level 17. HP: 132/154 MP: 26/26
 29374 | Depths:1 | Noticed a tentacled monstrosity
 29380 | Depths:1 | Killed a tentacled monstrosity
 29381 | Depths:1 | Received a gift from Yredelemnul (a phantasmal warrior)
 29589 | Depths:1 | HP: 2/154 [crystal guardian/crystal bolt (41)]
 29594 | Depths:1 | Received a gift from Yredelemnul (a flayed ghost)
 29803 | Depths:1 | Identified the Catalogue of the Creative Snowflakes
 30120 | Depths:2 | Found the +6 shillelagh "Devastator" {shatter}
 30189 | Depths:2 | Received a gift from Yredelemnul (a phantasmal warrior)
 30190 | Depths:2 | Reached skill level 15 in Fighting
 30242 | Depths:2 | Received a gift from Yredelemnul (a flayed ghost)
 31225 | Depths:3 | Found a one-way gate leading to the halls of Pandemonium.
 31627 | Depths:3 | Noticed a sphinx
 31630 | Depths:3 | Noticed a tentacled monstrosity
 31636 | Depths:3 | Killed a sphinx
 31636 | Depths:3 | Reached XP level 18. HP: 105/166 MP: 28/28
 31646 | Depths:3 | Killed a tentacled monstrosity
 31836 | Depths:3 | Noticed a golden dragon
 31853 | Depths:3 | Killed a golden dragon
 31853 | Depths:3 | Reached skill level 15 in Shields
 32150 | Depths:3 | Received a gift from Yredelemnul (a flayed ghost)
 32797 | Depths:4 | Received a gift from Yredelemnul (a skeletal warrior)
 32909 | Depths:4 | Received a gift from Yredelemnul (a vampire knight)
 33278 | Depths:4 | Received a gift from Yredelemnul (a vampire knight)
 33280 | Depths:4 | Noticed a hellephant
 33285 | Depths:4 | Reached XP level 19. HP: 166/174 MP: 24/29
 33296 | Depths:4 | Killed a hellephant
 33575 | Depths:4 | Noticed a tentacled monstrosity
 33585 | Depths:4 | Killed a tentacled monstrosity
 33672 | Depths:5 | Entered Level 5 of the Depths
 33841 | Depths:5 | Slain by a white very ugly thing

Vault maps used:
D:1:      nagdon_arrival_double_spiral, kennysheep_minor_cross,
          minmay_door_square, minmay_stone_trees_small, grunt_decor_cap,
          minmay_unequal
D:2:      uniq_robin
D:3:      led_xom_imps, nicolae_overflow_crystal_walls, lemuel_crystal_altar,
          hex_medium
D:4:      cheibrodos_old_hovel, lemuel_crystal_altar,
          lemuel_coloured_pillars_altar, chequers_temple_overflow_minitemple,
          minivault_27
D:5:      first_ration, uniq_ijyb, uniq_edmund, uniq_blork_the_orc
D:6:      corexii_shack_village, uniq_grinder
D:7:      kennysheep_mini, nicolae_gozag_zags_fifth_avenue, grunt_ogre_cave,
          lemuel_flame_loot_1, uniq_crazy_yiuf_cottage
D:8:      minmay_goldmine, marbit_many_paths, makhleb_altar_promises_db
D:9:      uniq_erica
D:10:     evilmike_butchery, uniq_harold, uniq_erolcha
D:11:     gammafunk_mikee_crab_dinner, grunt_lair_entry_orc_guard_hut,
          serial_shops, nicolae_shop_stone, kennysheep_generic_room_9
D:12:     orc_david_3, spider_trap, minmay_curled_crystal, minmay_diamond_spiral
D:13:     serial_shops, shop, nicolae_shop_behind_doors, shop,
          grunt_ministairs_6, minmay_st_funbox, lemuel_tele_altar
D:14:     david_vaults_2, serial_undead, serial_undead_d, serial_undead_f,
          serial_undead_d, serial_undead_f, kennysheep_decorative_pillar
D:15:     gammafunk_depths_entry_grave
Lair:1:   lightli_volcano_entry_magma_tube, serial_bayou_shore_b,
          serial_bayou_shore_a, lemuel_fruit_fields, lemuel_fruit_tree
Lair:3:   beast_lair_carwin_7
Lair:4:   minmay_swamp_entry_worms, nicolae_spider_entry_orb_guardian,
          beast_lair_carwin_5
Lair:5:   beast_lair_carwin_large_4, slime_altar_2
Lair:6:   evilmike_catoblepas_cave, st_stairs_8, ldierk_geyser
Orc:1:    basic_altar
Orc:2:    st_orc_rangers, ebering_ghost_rock_garden,
          nicolae_orc_flooded_monolith, uniq_maurice
Elf:1:    elf_arrival_001, serial_shops,
          nicolae_shop_competitors_out_of_business, enter_trove_6, orc_legates,
          evilmike_surprise_oklob
Depths:1: minmay_central_circle, abyss_entry, hell_entry, minmay_crystal_box
Depths:2: minmay_roctagon, abyss_entry, minmay_misc_feat_cross, hell_entry,
          kennysheep_random_hallway, minmay_staircase_bubble, grunt_megastairs_2
Depths:3: evilmike_diamond_2, minmay_holes, rand_demon_pan_entry_7,
          pf_coc_iceberg, serial_bayou_pond_d, minmay_misc_feat_square,
          grunt_megastairs_3, serial_bayou_shore_b
Depths:4: mu_elephants_graveyard, grunt_hell_horde, abyss_entry
Depths:5: grunt_zot_entry_gee_three, enter_ziggurat_a, grunt_hell_entry_dis_old,
          hangedman_abyss_or_decor_stagger, serial_bayou_shore_b
Volcano:  kennysheep_volcano_temple

Skill      XL: |  1  2  3  4  5  6  7  8  9 10 11 12 13 14 15 16 17 18 19 |
---------------+----------------------------------------------------------+-----
Axes           | 3 5 6 7 9 11 13 15 16 17 | 17.9
Fighting       | 4 5 6 7 9 10 11 12 13 14 15 16 17 | 17.0
Armour         | 4 5 6 7 8 10 11 12 | 12.8
Dodging        | 1 2 3 4 5 6 7 |  7.6
Shields        | 4 5 6 8 9 10 11 12 13 14 16 | 16.2
Throwing       | 1 2 3 |  3.3
Stealth        | 1 2 3 |  3.9
Invocations    | 2 3 5 7 8 9 10 12 13 14 | 14.0
Evocations     | 1 2 3 |  3.3
Polearms       | 2 |  2.3
Spellcasting   | 1 3 5 6 7 |  7.0
Translocations | 1 4 5 6 7 |  7.7

Action                   |  1- 3 |  4- 6 |  7- 9 | 10-12 | 13-15 | 16-18 | 19-21 || total
-------------------------+-------+-------+-------+-------+-------+-------+-------++-------
Melee: War axe           |   130 |   194 |   110 |       |       |       |       ||   434
       Broad axe         |       |       |   305 |   531 |  1036 |   787 |    38 ||  2697
       Trident           |       |       |       |       |    23 |       |       ||    23
 Fire: Blowgun           |       |       |       |       |     2 |       |       ||     2
Throw: Tomahawk          |       |       |    16 |     4 |    22 |     2 |       ||    44
       Javelin           |       |       |       |       |       |     3 |       ||     3
 Cast: Lesser Beckoning  |       |       |       |       |     1 |       |       ||     1
Invok: Animate Remains   |       |       |     7 |     1 |       |       |       ||     8
       Animate Dead      |       |       |       |    28 |    84 |    41 |     3 ||   156
       Recall Undead Sla |       |       |       |     4 |     5 |    10 |     1 ||    20
       Enslave Soul      |       |       |       |       |     2 |     4 |       ||     6
       Drain Life        |       |       |       |       |     1 |     9 |       ||    10
Evoke: Wand              |       |       |     2 |    31 |     1 |       |       ||    34
       Lightning rod     |       |       |       |       |       |     4 |       ||     4
       Sack of spiders   |       |       |       |       |       |     1 |       ||     1
  Use: Potion            |       |       |     1 |     2 |     5 |     1 |       ||     9
       Scroll            |       |       |    14 |     9 |    18 |     2 |       ||    43
 Stab: Paralysed         |       |       |       |     5 |       |     7 |       ||    12
       Distracted        |       |       |       |     3 |    14 |    26 |     3 ||    46
       Sleeping          |       |       |       |       |     9 |     6 |       ||    15
       Confused          |       |       |       |       |     3 |       |       ||     3
  Eat: Chunk             |     2 |     9 |    16 |    16 |    50 |    26 |       ||   119
       Ration            |       |       |     1 |     4 |     3 |     4 |     1 ||    13
Armor: Scale mail        |    80 |   100 |   152 |       |   327 |   251 |    13 ||   923
       Chain mail        |       |       |    60 |    21 |       |       |       ||    81
       Plate armour      |       |       |       |   186 |     4 |       |       ||   190
Dodge: Dodged            |    39 |    63 |   130 |   104 |   296 |   273 |    14 ||   919
Block: Shield            |    82 |    97 |   217 |   314 |   547 |   563 |    29 ||  1849

Table legend:
 A = Non-vault XP
 B = Vault XP
 C = Vault XP percentage of total XP
 D = Non-vault monster count
 E = Vault monster count
 F = Vault count percentage of total count
                 A         B        C        D         E       F
            +---------+---------+-------+---------+---------+-------
      Total |  191919 |  136788 |  41.6 |     831 |     246 |  22.8
            +---------+---------+-------+---------+---------+-------
        D:1 |      39 |       0 |   0.0 |      21 |       0 |   0.0
        D:2 |      84 |       0 |   0.0 |      34 |       0 |   0.0
        D:3 |     403 |       0 |   0.0 |      27 |       0 |   0.0
        D:4 |     796 |       0 |   0.0 |      20 |       0 |   0.0
        D:5 |     700 |       0 |   0.0 |      24 |       0 |   0.0
        D:6 |    1025 |       0 |   0.0 |      26 |       0 |   0.0
        D:7 |     937 |       0 |   0.0 |      17 |       0 |   0.0
        D:8 |     608 |       0 |   0.0 |      32 |       0 |   0.0
        D:9 |    1818 |       0 |   0.0 |      38 |       0 |   0.0
       D:10 |    6395 |       0 |   0.0 |      30 |       0 |   0.0
       D:11 |   15583 |       0 |   0.0 |      35 |       0 |   0.0
       D:12 |    6763 |    2491 |  26.9 |      31 |       4 |  11.4
       D:13 |    3064 |    6052 |  66.4 |      21 |      11 |  34.4
       D:14 |   12394 |    8665 |  41.1 |      57 |      20 |  26.0
       D:15 |    4425 |    3360 |  43.2 |      13 |       8 |  38.1
     Lair:1 |    4644 |       0 |   0.0 |      22 |       0 |   0.0
     Lair:2 |    3419 |       0 |   0.0 |      17 |       0 |   0.0
     Lair:3 |    5844 |     634 |   9.8 |      26 |       6 |  18.8
     Lair:4 |    7639 |    3758 |  33.0 |      36 |      10 |  21.7
     Lair:5 |    4939 |   11493 |  69.9 |      23 |      17 |  42.5
     Lair:6 |   13906 |    9908 |  41.6 |      48 |      25 |  34.2
      Orc:1 |    1800 |       0 |   0.0 |      32 |       0 |   0.0
      Orc:2 |    2078 |    5710 |  73.3 |      33 |      39 |  54.2
      Elf:1 |    6592 |    1651 |  20.0 |      13 |       3 |  18.8
   Depths:1 |    9148 |   23598 |  72.1 |      14 |      28 |  66.7
   Depths:2 |   22557 |    8126 |  26.5 |      43 |      13 |  23.2
   Depths:3 |   16570 |   29495 |  64.0 |      34 |      31 |  47.7
   Depths:4 |   30206 |   21847 |  42.0 |      52 |      31 |  37.3
   Depths:5 |    2702 |       0 |   0.0 |       4 |       0 |   0.0
    Volcano |    4841 |       0 |   0.0 |       8 |       0 |   0.0
            +---------+---------+-------+---------+---------+-------
